 Dungeon Crawl Stone Soup version 0.20-a0-731-gecde0bf (webtiles) character file.

858 Laphicet the Slasher (level 7, 61/61 HPs)
             Began as a White Draconian Berserker on Feb 22, 2017.
             Was a Priest of Trog.
             Got out of the dungeon alive.
             The game lasted 00:09:01 (4408 turns).

Laphicet the Slasher (White Draconian Berserker)    Turns: 4408, Time: 00:09:02

Health: 61/61      AC:  6    Str: 19    XL:     7   Next: 71%
Magic:  7/7        EV: 14    Int:  9    God:    Trog [***...]
Gold:   93         SH:  0    Dex: 11    Spells: 6/6 levels left

rFire    . . .     SeeInvis .   n - +0 long sword
rCold    + . .     Gourm    .   (armour unavailable)
rNeg     . . .     Faith    .   (no shield)
rPois    .         Spirit   .   (helmet restricted)
rElec    .         Reflect  .   (no cloak)
rCorr    .         Harm     .   (no gloves)
MR       .....                  (no boots)
Stlth    ++........             (no amulet)
Regen    0.2/turn               (no ring)
MPRegen  0.1/turn               (no ring)

@: no status effects
A: breathe frost, unfitting armour, cold resistance 1, cold-blooded, AC +6
a: Breathe Frost, Berserk, Trog's Hand, Burn Spellbooks, Renounce Religion


You escaped.
You worshipped Trog.
Trog was most pleased with you.
You were not hungry.

You visited 1 branch of the dungeon, and saw 4 of its levels.
You also visited: Sewer.

You collected 93 gold pieces.

Inventory:

Hand Weapons
 n - a +0 long sword (weapon)
 r - a +0 dagger of venom
Wands
 k - a wand of lightning (5/15)
Scrolls
 a - a scroll of random uselessness {unknown}
 c - 4 scrolls of identify {unknown}
 d - 2 scrolls of recharging {unknown}
 e - a scroll of remove curse {unknown}
 g - 2 scrolls of immolation {unknown}
 h - a scroll of enchant weapon {unknown}
 i - 2 scrolls of teleportation {unknown}
 l - a scroll of fog {unknown}
 o - 3 scrolls of amnesia {unknown}
 s - a scroll of enchant armour {unknown}
Potions
 j - 3 potions of agility {unknown}
 m - 2 potions of haste {unknown}
 q - a potion of lignification {unknown}
 t - 2 potions of might
 u - 5 potions of curing {unknown}
 v - a potion of heal wounds {unknown}
 w - 2 potions of flight {unknown}
 x - a potion of invisibility {unknown}
Books
 p - a book of Battle

   Spells                             Type                      Level
   a - Infusion                       Charms                       1
   b - Shroud of Golubria             Charms/Translocation         2
   c - Song of Slaying                Charms                       2
   d - Spectral Weapon                Hexes/Charms                 3
   e - Regeneration                   Charms/Necromancy            3
   Trog disapproves of the use of such an item.
Comestibles
 b - 4 bread rations
 f - 3 royal jellies
 z - a meat ration
 B - 10 fruits


   Skills:
 + Level 5.1 Fighting
 * Level 6.2 Long Blades
 + Level 4.6 Dodging
 + Level 3.8 Stealth


You had 6 spell levels left.
You didn't know any spells.

Dungeon Overview and Level Annotations

Branches:
Dungeon (4/15)
 Temple: D:4-7

Altars:
Cheibriados
Ru

Annotations:
D:4 Natasha


Innate Abilities, Weirdness & Mutations

You can breathe waves of freezing cold.
You can buffet flying creatures when you breathe cold.
Your icy white scales are hard. (AC +6)
You cannot fit into any form of body armour.
Your flesh is cold resistant. (rC+)
You are cold-blooded and may be slowed by cold attacks.


Message History

There is a stone staircase leading down here.
Things that are here:
a dagger; 19 stones; a hunting sling You see here a dagger.
There is a stone staircase leading down here.
You see here a dagger.
Things that are here:
a dagger; 19 stones; a hunting sling
There is an escape hatch in the ceiling here.
A mysterious force pulls you upwards. The hatch slams shut behind you.
You see here a club.
There is an open door here.
Some of the chunks of flesh in your inventory have rotted away.
You see here 14 poisoned needles.
All of the chunks of flesh in your inventory have rotted away.
There is an open door here.
There is an open door here.
There is a staircase leading out of the dungeon here.
Are you sure you want to leave the Dungeon?
This will make you lose the game!
You have escaped!

##..## ##...........#.#.# #.#
....# ##..#########...#.###.###
###.# ##..##...(...#'..........#
#.# #..##.#######.##...#####.#
#.# #.##.##.....##.##..# #.#
##.####.#.##.#####.##.#..# #.#
#.......#.#.##...##.#.#..#####.#
#.####..#.#.#.'##.#.#.#......#.#
#.# #..#.#.#≈#@#.'.#.#.####.#.#
#.# ##.#≈#.#.###.#≈#.#.# ##.#.#
#.# #.#.#.##...##.#.#.###..#.#
#.# #.#..#.#####.##.#........#
#.# #.##(##.....##.##.###.####
#.# #..##.#######.##..# #.# ##.#
##..##.......##..## #.# ...#
##..#########..## #.#
##########............## #(#


There were no monsters in sight!

Vanquished Creatures
  Menkaure (D:4)
  A phantom (D:4)
  An ogre (D:4)
  A centaur (D:3)
  3 big kobolds (Sewer)
  An orc wizard (D:3)
  Natasha (D:4)
  An iguana (D:4)
  A worker ant (D:4)
  5 adders
  3 oozes (Sewer)
  An adder skeleton (D:4)
  A worm (D:3)
  A dart slug (D:1)
  7 leopard geckos
  6 orcs
  4 ball pythons
  9 bats
  5 giant cockroaches
  13 goblins
  12 hobgoblins
  A quokka (D:2)
  6 frilled lizards
  14 kobolds
  8 rats
107 creatures vanquished.

Notes
Turn   | Place    | Note
-------+----------+-------------------------------------------
     0 | D:1      | Laphicet the Draconian Berserker began the quest for the Orb.
     0 | D:1      | Reached XP level 1. HP: 19/19 MP: 1/1
   214 | D:1      | Reached XP level 2. HP: 21/26 MP: 2/2
   626 | D:1      | Reached skill level 1 in Stealth
  1002 | D:2      | Reached XP level 3. HP: 31/31 MP: 3/3
  1009 | D:2      | Found a sacrificial altar of Ru.
  1174 | D:2      | Reached ** piety under Trog
  1406 | D:2      | Reached XP level 4. HP: 38/38 MP: 4/4
  1759 | D:3      | Reached skill level 4 in Long Blades
  1988 | D:3      | Reached XP level 5. HP: 46/46 MP: 5/5
  2240 | D:3      | Noticed a centaur
  2250 | D:3      | Killed a centaur
  2499 | D:3      | Found a snail-covered altar of Cheibriados.
  2686 | D:4      | Noticed an ogre
  2897 | D:4      | Found a glowing drain.
  2940 | Sewer    | Entered a sewer
  2960 | Sewer    | Reached XP level 6. HP: 52/52 MP: 6/6
  2961 | Sewer    | Reached skill level 5 in Long Blades
  3255 | Sewer    | Reached *** piety under Trog
  3500 | D:4      | Noticed Menkaure
  3514 | D:4      | Killed Menkaure
  3514 | D:4      | Your scales start taking on an icy white colour.
  3514 | D:4      | Reached XP level 7. HP: 47/60 MP: 7/7
  3514 | D:4      | Gained mutation: Your flesh is cold resistant. (rC+) [White Draconian growth]
  3784 | D:4      | Noticed Natasha
  3792 | D:4      | Killed Natasha
  3808 | D:4      | Noticed Natasha
  3981 | D:4      | Reached skill level 5 in Fighting
  3981 | D:4      | Reached skill level 6 in Long Blades
  4408 | D:$      | Got out of the dungeon alive.

Vault maps used:
D:1:      evilmike_arrival_rings
D:2:      kennysheep_the_goblin_king, first_bread, minivault_26,
          hangedman_ru_absence
D:3:      bh_chokoban, lemuel_tele_altar
D:4:      portal_sewer_entry_f, uniq_natasha, uniq_menkaure
Sewer:    kennysheep_pipe_town

Skill      XL: |  1  2  3  4  5  6  7 |
---------------+----------------------+-----
Dodging        | 3 4 |  4.6
Stealth        | 1 2 3 |  3.8
Long Blades    | 4 5 6 |  6.2
Fighting       | 4 5 |  5.1

Action                   |  1- 3 |  4- 6 |  7- 9 || total
-------------------------+-------+-------+-------++-------
Melee: Falchion          |    76 |       |       ||    76
       Tailslap          |     8 |    19 |     5 ||    32
       Long sword        |    20 |   140 |    50 ||   210
Invok: Berserk           |       |     4 |     2 ||     6
       Trog's Hand       |       |     1 |     1 ||     2
 Stab: Sleeping          |     3 |     3 |     1 ||     7
  Eat: Chunk             |     1 |    10 |     2 ||    13
       Meat ration       |       |       |     1 ||     1
Armor: Skin              |    25 |    36 |     5 ||    66
Dodge: Dodged            |    76 |   110 |    19 ||   205
       Rpst.: Falchion   |    20 |       |       ||    20
       Long sword        |     2 |    37 |     5 ||    44
